 Dungeon Crawl Stone Soup version 0.31-a0-963-ga325b2283a (webtiles) character file.

Game seed: 8092948868605245749

175 jt the Conjurer (level 5, -1/43 HPs)
             Began as a Naga Conjurer on Oct 24, 2023.
             Was a Believer of Sif Muna.
             Slain by an ogre
             ... wielding a +0 giant club
              (22 damage)
             ... on level 4 of the Dungeon.
             The game lasted 00:06:39 (2319 turns).

jt the Conjurer (Naga Conjurer)                     Turns: 2319, Time: 00:06:42

Health: -1/43      AC:  3    Str: 12    XL:     5   Next: 55%
Magic:  10/10      EV:  9    Int: 21    God:    Sif Muna [**....]
Gold:   123        SH:  0    Dex:  9    Spells: 5/11 levels left

rFire   . . .        a - +1 mace
rCold   + . .        (no shield)
rNeg    . . .        f - +0 robe
rPois   +            t - +0 helmet
rElec   .            (no cloak)
rCorr   +            (no gloves)
SInv    +            (no barding)
Will    .....        q - amulet "Tikusian" {Acrobat Str+3}
Stlth   ++           e - ring of resist corrosion
HPRegen 0.27/turn    o - ring of protection from cold
MPRegen 0.12/turn

%: acrobat
@: mighty, short of breath, very slow
A: AC +1, large, see invisible, deformed body, poison resistance, slowness 2,
spit poison 1, naga tail 1
a: Spit Poison, Renounce Religion, Channel Magic


You were on level 4 of the Dungeon.
You worshipped Sif Muna.
Sif Muna was pleased with you.
You visited 1 branch of the dungeon, and saw 5 of its levels.

You collected 123 gold pieces.

Inventory:

Hand Weapons
 a - a +1 mace (weapon)
 c - a +0 whip
 d - a +0 hand axe
 n - a +0 spear
Missiles
 h - 31 stones
 x - 4 poisoned darts
Armour
 f - a +0 robe (worn)
 t - a +0 helmet (worn)
Jewellery
 e - a ring of resist corrosion (left hand)
 k - a ring of ice
 o - a ring of protection from cold (right hand)
 q - the amulet "Tikusian" (around neck) {Acrobat Str+3}
   (You found it on level 2 of the Dungeon)

   [amulet of the acrobat]

   Acrobat:   It increases your evasion while moving and waiting.
   Str+3:     It affects your strength (+3).
Scrolls
 i - 3 scrolls of teleportation
 j - 2 scrolls of fear
 p - a scroll of revelation
 r - a scroll of immolation {unknown}
 s - a scroll of identify {unknown}
 u - a scroll of amnesia {unknown}
 w - a scroll of blinking {unknown}
Potions
 b - a potion of magic
 l - a potion of curing {unknown}
 m - a potion of mutation {unknown}
 v - a potion of haste {unknown}


   Skills:
 + Level 0.4 Fighting
 - Level 1.5 Dodging
 - Level 3.0 Stealth
 + Level 3.5 Spellcasting
 + Level 5.2 Conjurations
 + Level 1.0 Air Magic
 + Level 1.5 Poison Magic


You had 5 spell levels left.
You knew the following spells:

 Your Spells              Type           Power      Damage    Failure   Level
a - Magic Dart            Conj           100%       1d8       1%          1
b - Searing Ray           Conj           50%        2d6       2%          2
c - Mephitic Cloud        Conj/Pois/Air  14%        N/A       13%         3

Your spell library contained the following spells:

 Spells                   Type           Power      Damage    Failure   Level
 Poisonous Vapours        Pois/Air       18%        N/A       11%         2
 Dazzling Flash           Conj/Hex       28%        N/A       13%         3
 Fulminant Prism          Conj/Hex       7%         3d7       38%         4
 Iskenderun's Mystic Bla  Conj/Tloc      14%        2d5       38%         4
 Freezing Cloud           Conj/Ice/Air   6%         6-21      82%         5


Dungeon Overview and Level Annotations

Branches:
Dungeon (5/15)
 Temple: D:4-7

Altars:
Gozag
Okawaru
Sif Muna
Zin

Annotations:
D:4 Sigmund


Innate Abilities, Weirdness & Mutations

Your serpentine skin is tough. (AC +1)
You have supernaturally acute eyesight. (SInv)
Armour fits poorly on your strangely shaped body.
Your system is resistant to poisons. (rPois)
You cover ground very slowly.
You can spit poison.
You have a snake-like lower body.


Message History

Aim: a hobgoblin (lightly wounded, 59% to hit)
The splash of poison hits the hobgoblin but does no damage.
The hobgoblin is poisoned.
The hobgoblin is lightly wounded.
Found 5 gold pieces.
You can't do that yet.
Unknown command.
The magic dart hits the hobgoblin.
You kill the hobgoblin!
Sif Muna accepts your kill.
You have got your breath back.
No target in view!
You now have 123 gold pieces (gained 6).
You start resting.
Magic restored.
An ogre comes into view. It is wielding a +0 giant club.
The ogre shouts!
Aiming: Spit Poison (1% risk of failure)
Press: ? - help, Shift-Dir - straight line, f - ogre
Aim: an ogre, wielding a +0 giant club (81% to hit)
The splash of poison hits the ogre.
The ogre is poisoned.
The ogre is moderately wounded.
You aren't carrying any items that you can evoke.
It was a potion of might.
You feel very mighty all of a sudden.
You barely miss the ogre.
The ogre is moderately wounded.
The ogre hits you with a +0 giant club.
You hit the ogre.
The ogre is heavily wounded.
You have got your breath back.
The ogre hits you with a +0 giant club!!
You are too injured to fight recklessly!
Aiming: Spit Poison (1% risk of failure)
Press: ? - help, Shift-Dir - straight line, f/p - ogre
Aim: an ogre, wielding a +0 giant club (heavily wounded, poisoned, 81% to hit)
The splash of poison misses the ogre.
The ogre hits you with a +0 giant club!!
Ouch! That really hurt!
You die...

...........###.................#
...............#.....####......#
............####.##### ##.....#
.................. ####.#...#
###..............######.†..#####
#.........########....#..#
#........## ##...####.##
#.....#### ##..### #.# ....
#@.## ... #$O## .... ....# .....
......# ...... ........#
.##.#.... ....... .####...


You could see an ogre (poisoned).

Vanquished Creatures
  A hound (D:3)
  A sleepcap (D:3)
  Jessica (D:2)
  Robin (D:2)
  2 adders
  A worm (D:3)
  A dart slug (D:2)
  An orc (D:3)
  5 ball pythons
  8 bats
  4 endoplasms
  4 giant cockroaches
  9 goblins
  4 hobgoblins
  3 quokkas
  A frilled lizard (D:3)
  4 kobolds
  A rat (D:2)
  A spectral kobold (D:2)
53 creatures vanquished.

Notes
Turn   | Place    | Note
-------+----------+-------------------------------------------
     0 | D:1      | jt the Naga Conjurer began the quest for the Orb.
     0 | D:1      | Reached XP level 1. HP: 15/15 MP: 3/3
   180 | D:1      | Reached XP level 2. HP: 22/22 MP: 5/5
   863 | D:2      | Found a faded altar of an unknown god.
   876 | D:2      | Prayed at the altar of an unknown god.
   876 | D:2      | Became a worshipper of Sif Muna the Loreminder
   876 | D:2      | Reached * piety under Sif Muna
   988 | D:2      | Reached XP level 3. HP: 27/28 MP: 5/7
  1220 | D:2      | Noticed Robin
  1345 | D:2      | Identified the amulet "Tikusian" {Acrobat Str+3}
  1359 | D:2      | Noticed Jessica
  1376 | D:2      | Killed Jessica
  1377 | D:2      | Reached XP level 4. HP: 15/36 MP: 5/8
  1552 | D:2      | Killed Robin
  1553 | D:2      | Reached skill level 5 in Conjurations
  1572 | D:2      | Learned a level 2 spell: Searing Ray
  1730 | D:3      | Learned a level 3 spell: Mephitic Cloud
  1808 | D:3      | Reached ** piety under Sif Muna
  1920 | D:3      | Reached skill level 1 in Poison Magic
  1920 | D:3      | Reached XP level 5. HP: 19/42 MP: 10/10
  2108 | D:3      | Reached skill level 1 in Air Magic
  2140 | D:3      | You fall into a shaft and drop 2 floors!
  2140 | D:4      | Identified the "Urytuunk"
  2140 | D:5      | Entered Level 5 of the Dungeon
  2189 | D:4      | Noticed Sigmund
  2194 | D:4      | Found a glowing silver altar of Zin.
  2195 | D:4      | Found an opulent altar of Gozag.
  2195 | D:4      | Found an iron altar of Okawaru.
  2313 | D:4      | Noticed an ogre
  2319 | D:4      | Slain by an ogre

Illustrated notes

Levels and vault maps discovered:
D:1:      psy_arrival_whirlpool, layout_loops_ring, corexii_corridor_pit,
          minivault_5
D:2:      layout_basic, dreamdust_ecumenical_altar_drowned_temple, uniq_jessica,
          uniq_robin
D:3:      layout_rooms
D:4:      layout_rooms, nicolae_overflow_quartered_altars, serial_bayou_pond_a,
          uniq_sigmund
D:5:      layout_basic

Skill      XL: |  1  2  3  4  5 |
---------------+----------------+-----
Spellcasting   | 3 |  3.5
Conjurations   | 5 |  5.2
Poison Magic   | 1 |  1.5
Air Magic      | 1 |  1.0
Fighting       | |  0.4
Dodging        | |  1.5
Stealth        | |  3.0

Action                     |  1- 3 |  4- 6 || total
---------------------------+-------+-------++-------
  Melee: Whip              |     3 |       ||     3
         Mace              |    24 |    33 ||    57
   Cast: Magic Dart        |    21 |    29 ||    50
Ability: Spit Poison       |    26 |    16 ||    42
    Use: Scroll            |     4 |     1 ||     5
         Potion            |       |     1 ||     1
   Stab: Sleeping          |     3 |       ||     3
 Armour: Robe              |    31 |    31 ||    62
  Dodge: Dodged            |    15 |    23 ||    38

Table legend: (Time is in decaauts)
 A = Elapsed time spent in this place.
 B = Non-inter-level travel time spent in this place.
 C = Inter-level travel time spent in this place.
 D = Time resting spent in this place.
 E = Time spent auto-exploring this place.
 F = Levels seen in this place.
 G = Mean time per level.
                   A        B        C        D        E       F      G
               +--------+--------+--------+--------+--------+-----+--------+
         Total |   2937 |   2897 |     40 |    429 |   1637 |   5 |  587.4 |
       Dungeon |   2937 |   2897 |     40 |    429 |   1637 |   5 |  587.4 |
               +--------+--------+--------+--------+--------+-----+--------+

Top non-repeatable levels by time:
     D:2: 1117 daAuts
     D:1: 1110 daAuts
     D:3: 483 daAuts
     D:4: 157 daAuts
     D:5: 68 daAuts
